 Dungeon Crawl Stone Soup version 0.23.2-1-ga50397a (webtiles) character file.

Game seed: 10482027600458055216

666 dvd the Gusty (level 7, -1/37 HPs)
             Began as a Tengu Air Elementalist on May 27, 2019.
             Shot with an arrow by a centaur (12 damage)
             ... on level 6 of the Dungeon.
             The game lasted 00:14:47 (5923 turns).

dvd the Gusty (Tengu Air Elementalist)              Turns: 5923, Time: 00:14:48

Health: -1/37      AC:  4    Str:  8    XL:     7   Next: 57%
Magic:  4/14       EV: 16    Int: 17    God:
Gold:   305        SH:  2    Dex: 15    Spells: 6/14 levels left

rFire    . . .     SeeInvis .   e - +0 mace
rCold    . . .     Gourm    .   (no shield)
rNeg     + + +     Faith    .   m - +2 robe {rN+}
rPois    .         Spirit   .   (helmet restricted)
rElec    .         Reflect  +   (no cloak)
rCorr    .         Harm     .   (no gloves)
MR       .....                  (boots unavailable)
Stlth    ++........             B - +2 amulet of reflection
HPRegen  0.12/turn              v - ring of positive energy
MPRegen  0.14/turn              y - ring of positive energy

@: flying quickly and evasively, quick
A: beak, talons 3, able to fly
a: Stop Flying


You were on level 6 of the Dungeon.
You were hungry.

You visited 2 branches of the dungeon, and saw 7 of its levels.

You collected 305 gold pieces.

Inventory:

Hand Weapons
 e - a +0 mace (weapon)
 w - a +0 hand axe
 z - a +2 antimagic rapier
Armour
 m - a +2 robe of positive energy (worn)
 x - a +0 robe of fire resistance
 A - the +1 scale mail of the Pleiades {rElec MR++ Str+4 Dex-3 Stlth+}
   (You took it off a kobold on level 5 of the Dungeon)

   It affects your strength (+4).
   It affects your dexterity (-3).
   It insulates you from electricity.
   It affects your resistance to hostile enchantments.
   It makes you more stealthy.
Jewellery
 j - an uncursed ring of fire
 q - a +1 ring of evasion
 v - a ring of positive energy (left hand)
 y - a ring of positive energy (right hand)
 B - a +2 amulet of reflection (around neck)
Scrolls
 b - 2 scrolls of teleportation
 d - a scroll of immolation {unknown}
 f - 4 scrolls of identify
 g - a scroll of fog {unknown}
 h - a scroll of noise
 i - 2 scrolls of magic mapping {unknown}
 l - 2 scrolls of remove curse
 o - a scroll of random uselessness {unknown}
 p - 2 scrolls of enchant weapon {unknown}
 u - a scroll of fear {unknown}
 C - a scroll of amnesia {unknown}
Potions
 a - 2 potions of mutation {unknown}
 k - 5 potions of curing {unknown}
 n - a potion of lignification
 r - a potion of degeneration {unknown}
 s - 2 potions of heal wounds {unknown}
 t - a potion of magic {unknown}
Comestibles
 c - 4 rations


   Skills:
 + Level 0.8 Fighting
 + Level 1.5 Maces & Flails
 + Level 3.5 Dodging
 + Level 2.3 Stealth
 + Level 4.4 Spellcasting
 + Level 4.1 Conjurations
 + Level 7.3 Air Magic


You had 6 spell levels left.
You knew the following spells:

 Your Spells              Type           Power        Failure   Level  Hunger
a - Shock                 Conj/Air       ###.         1%          1    None
b - Static Discharge      Conj/Air       ###.....     4%          3    ###....
c - Airstrike             Air            ####......   8%          4    ####...

Your spell library contained the following spells:

 Spells                   Type           Power        Failure   Level  Hunger
 Swiftness                Chrm/Air       ###.....     4%          2    ##.....
 Lightning Bolt           Conj/Air       ###.......   36%         5    ######.


Dungeon Overview and Level Annotations

Branches:
Dungeon (6/15)             Temple (1/1) D:5

Altars:
Ashenzari
Cheibriados
Dithmenos
Elyvilon
Fedhas
Gozag
Hepliaklqana
Kikubaaqudgha
Makhleb
Nemelex Xobeh
Okawaru
Qazlal
Ru
Sif Muna
Trog
Wu Jian
Xom
Yredelemnul
Zin
The Shining One

Annotations:
D:6 Edmund


Innate Abilities, Weirdness & Mutations

You have a beak for a mouth.
You have claws for feet.
You can fly continuously.


Message History

Aim: a centaur, wielding a +0 shortbow The air twists around and strikes the centaur!
The centaur is moderately wounded.
The centaur shoots an arrow.
The arrow barely misses you.
Edmund the Younger comes into view.
He is wielding a +0 flail of protection.
The centaur shoots an arrow.
The arrow completely misses you.
Unknown command.
Casting: Airstrike (safe; 8% risk of failure)
Confirm with . or Enter, or press ? or * to list all spells.
Aiming: Airstrike (safe; 8% risk of failure)
Press: ? - help, Dir - move target cursor, f/p - centaur
Aim: a centaur, wielding a +0 shortbow (moderately wounded)
The air twists around and strikes the centaur!
The centaur is severely wounded.
The centaur shoots an arrow.
The arrow hits you!
Unknown command.
The centaur shoots an arrow.
The arrow hits you!
* * * LOW HITPOINT WARNING * * *
The centaur shoots an arrow.
The arrow hits you!
You die...

...... ......
...... . ....#
...... ##..
#.#..####..c..
#....#@...#
#.(@.####
#....##
#....O...
.......#..
.#.#### #.< #
.<. ##.# ..


You could see Edmund, an ogre and a centaur.

Vanquished Creatures
  A big kobold (D:5)
  A scorpion (D:4)
  A centaur zombie (D:5)
  A centaur skeleton (D:5)
  Jessica (D:2)
  An iguana (D:5)
  Terence (D:3)
  3 worker ants
  4 orc wizards (D:4)
  A hound skeleton (D:4)
  A gnoll (D:1)
  8 adders
  A shadow imp (D:5)
  An ooze (D:5)
  A worm (D:2)
  A dart slug (D:2)
  3 leopard geckos
  11 orcs
  3 bats
  3 giant cockroaches
  8 goblins
  11 hobgoblins
  9 jackals
  2 quokkas
  A ball python (D:2)
  2 frilled lizards
  26 kobolds
  A leopard gecko skeleton (D:4)
  8 rats
  A plant (D:5)
117 creatures vanquished.

Vanquished Creatures (others)
  2 plants (D:5)
2 creatures vanquished.

Grand Total: 119 creatures vanquished

Notes
Turn   | Place    | Note
-------+----------+-------------------------------------------
     0 | D:1      | dvd the Tengu Air Elementalist began the quest for the Orb.
     0 | D:1      | Reached XP level 1. HP: 10/10 MP: 4/4
    27 | D:1      | Reached XP level 2. HP: 15/15 MP: 0/6
   509 | D:1      | Reached XP level 3. HP: 19/19 MP: 1/7
   924 | D:1      | Reached skill level 5 in Air Magic
  1151 | D:2      | Noticed Jessica
  1155 | D:2      | Killed Jessica
  1155 | D:2      | Reached XP level 4. HP: 24/24 MP: 5/8
  1243 | D:2      | Learned a level 3 spell: Static Discharge
  1248 | D:2      | Learned a level 4 spell: Airstrike
  2316 | D:3      | Gained mutation: You can fly continuously. [Tengu growth]
  2316 | D:3      | Reached XP level 5. HP: 25/28 MP: 1/10
  2398 | D:3      | Reached skill level 1 in Maces & Flails
  2617 | D:3      | Noticed Terence
  2780 | D:3      | Killed Terence
  3327 | D:4      | Reached skill level 6 in Air Magic
  3327 | D:4      | Reached XP level 6. HP: 28/32 MP: 1/11
  4433 | D:5      | Entered Level 5 of the Dungeon
  4469 | D:5      | Reached XP level 7. HP: 22/37 MP: 1/13
  4698 | D:5      | Reached skill level 7 in Air Magic
  4980 | D:5      | Found a staircase to the Ecumenical Temple.
  4992 | Temple   | Entered the Ecumenical Temple
  5239 | D:5      | Found a shattered altar of Ashenzari.
  5244 | D:5      | Saw a vision of the Swamp and the Snake Pit.
  5244 | D:5      | Noticed a mana viper
  5244 | D:5      | Noticed a naga
  5244 | D:5      | Noticed a naga
  5244 | D:5      | Noticed a black mamba
  5244 | D:5      | Noticed a naga sharpshooter
  5244 | D:5      | Noticed a naga
  5244 | D:5      | Noticed a naga
  5244 | D:5      | Noticed a naga warrior
  5244 | D:5      | Noticed a black mamba
  5244 | D:5      | Noticed a naga ritualist
  5244 | D:5      | Noticed a black mamba
  5247 | D:5      | Noticed a hornet
  5247 | D:5      | Noticed an alligator
  5415 | D:5      | Identified the cursed +1 scale mail of the Pleiades {rElec
                  | MR++ Str+4 Dex-3 Stlth+}
  5921 | D:6      | Noticed Edmund
  5923 | D:6      | Shot with an arrow by a centaur

Skill      XL: |  1  2  3  4  5  6  7 |
---------------+----------------------+-----
Air Magic      | 5 6 7 |  7.3
Conjurations   | 2 3 4 |  4.1
Spellcasting   | 3 4 |  4.4
Maces & Flails | 1 |  1.5
Dodging        | 3 |  3.5
Fighting       | |  0.8
Stealth        | |  2.3

Action                   |  1- 3 |  4- 6 |  7- 9 || total
-------------------------+-------+-------+-------++-------
Melee: Unarmed           |     7 |       |       ||     7
       Kick              |     3 |    11 |    21 ||    35
       Mace              |     9 |    45 |    58 ||   112
       Peck              |     2 |     9 |    17 ||    28
 Cast: Shock             |    60 |   112 |    65 ||   237
       Static Discharge  |       |     5 |     1 ||     6
       Airstrike         |       |     4 |     6 ||    10
 Abil: Fly               |       |     1 |       ||     1
  Use: Scroll            |       |       |     4 ||     4
  Eat: Chunk             |     2 |    11 |     5 ||    18
Armor: Robe              |     6 |    11 |     6 ||    23
Dodge: Dodged            |    27 |    47 |    52 ||   126
Block: Other             |       |       |     3 ||     3
       Reflection        |       |       |     1 ||     1
